 Dungeon Crawl Stone Soup version 0.21.1-1-g345015f (webtiles) character file.

238 Mirai the Thaumaturge (level 5, -2/28 HPs)
             Began as a Deep Elf Conjurer on Mar 26, 2018.
             Killed by divine providence
             ... invoked by an orc priest
              (12 damage)
             ... on level 4 of the Dungeon.
             The game lasted 00:07:20 (3104 turns).

Mirai the Thaumaturge (Deep Elf Conjurer)           Turns: 3104, Time: 00:07:21

Health: -2/28      AC:  6    Str:  5    XL:     5   Next: 78%
Magic:  9/17       EV: 13    Int: 27    God:
Gold:   125        SH:  0    Dex: 15    Spells: 9/20 levels left

rFire    . . .     SeeInvis .   p - +1 mace (crush)
rCold    . . .     Gourm    .   (no shield)
rNeg     . . .     Faith    .   a - +1 robe
rPois    .         Spirit   .   (no helmet)
rElec    .         Reflect  .   (no cloak)
rCorr    .         Harm     .   q - +2 pair of gloves
MR       .....                  (no boots)
Stlth    ++........             (no amulet)
HPRegen  0.09/turn              k - +6 ring of intelligence
MPRegen  0.15/turn              (no ring)

@: no status effects
A: no striking features
a: no special abilities


You were on level 4 of the Dungeon.
You were not hungry.

You visited 1 branch of the dungeon, and saw 4 of its levels.

You collected 125 gold pieces.

Inventory:

Hand Weapons
 p - a +1 mace of crushing (weapon)
Armour
 a - a +1 robe (worn)
 e - a +0 pair of gloves
 q - a +2 pair of gloves (worn)
Jewellery
 k - a +6 ring of intelligence (left hand)
Scrolls
 h - 2 scrolls of fear
 l - a scroll of amnesia
 m - 2 scrolls of identify
 n - a scroll of remove curse
 o - a scroll of enchant armour
Potions
 d - a potion of cancellation
 g - a potion of curing {unknown}
 i - a potion of might {unknown}
Books
 b - a book of Conjurations

   Spells                             Type                      Level
   a - Magic Dart                     Conjuration                  1
   b - Searing Ray                    Conjuration                  2
   c - Dazzling Spray                 Conjuration/Hexes            3
   d - Fulminant Prism                Conjuration/Hexes            4
   e - Force Lance                    Conjuration/Translocation    4
   f - Iskenderun's Mystic Blast      Conjuration                  4
Comestibles
 c - 9 rations
 j - 2 chunks of flesh


   Skills:
 - Level 2.4 Dodging
 - Level 2.4 Stealth
 + Level 8.2 Spellcasting
 - Level 4.3 Conjurations


You had 9 spell levels left.
You knew the following spells:

 Your Spells              Type           Power        Failure   Level  Hunger
a - Magic Dart            Conj           ####         1%          1    None
b - Searing Ray           Conj           ####..       1%          2    None
c - Iskenderun's Mystic   Conj           ####....     9%          4    ##.....
d - Fulminant Prism       Conj/Hex       ###.......   21%         4    ##.....


Dungeon Overview and Level Annotations

Branches:
Dungeon (4/15)
 Temple: D:4-7

Altars:

Annotations:
D:4 Menkaure


Message History

The orc wizard is almost dead.
You finish channeling your searing ray.
The orc wizard shouts!
Something hits you but does no damage.
You feel much better. Something hits you but does no damage.
Casting: Searing Ray
Confirm with . or Enter, or press ? or * to list all spells.
Aiming: Magic Dart
Press: ? - help, Shift-Dir - straight line, f/p - orc priest
Aim: an orc priest, wielding a dagger and wearing a ring mail (moderately wounded)
The magic dart hits something.
Reactivating autopickup.
You feel a bit more experienced. Menkaure hits you but does no damage.
Menkaure hums, "Let me perform the rites..."
Menkaure hits you!
Ouch! That really hurt!
Unknown command.
The orc priest invokes the aid of Beogh against you.
Beogh smites you!
You die...

### #.. ###...# #.#
#...?.# #.# #
#.#...### #@#
(##.....∩. #M#
....?..# #o#
#.....#
#o######.....#
#o...oM......#
########.....#
#############....(#
#...............).#
#.###########.#.M.#


You could see Menkaure, an orc priest and 2 orc wizards.

Vanquished Creatures
  A bullfrog (D:3)
  An orc priest (D:3)
  An orc wizard (D:4)
  A howler monkey skeleton (D:4)
  4 adders
  3 worms
  2 dart slugs
  A leopard gecko (D:2)
  6 orcs
  11 bats
  3 giant cockroaches
  6 goblins
  6 hobgoblins
  2 jackals (D:1)
  6 kobolds
  2 quokkas
  3 frilled lizards
  5 rats
64 creatures vanquished.

Notes
Turn   | Place    | Note
-------+----------+-------------------------------------------
     0 | D:1      | Mirai the Deep Elf Conjurer began the quest for the Orb.
     0 | D:1      | Reached XP level 1. HP: 10/10 MP: 6/6
   204 | D:1      | Reached skill level 4 in Spellcasting
   204 | D:1      | Reached XP level 2. HP: 13/15 MP: 3/9
   707 | D:1      | Learned a level 2 spell: Searing Ray
   744 | D:1      | Reached XP level 3. HP: 19/19 MP: 9/11
   848 | D:1      | Reached skill level 5 in Spellcasting
  1419 | D:2      | Reached XP level 4. HP: 15/24 MP: 7/13
  1461 | D:2      | Reached skill level 6 in Spellcasting
  1702 | D:2      | Learned a level 4 spell: Iskenderun's Mystic Blast
  1707 | D:2      | Learned a level 4 spell: Fulminant Prism
  1949 | D:3      | Noticed a bullfrog
  1954 | D:3      | Killed a bullfrog
  1954 | D:3      | Reached skill level 7 in Spellcasting
  1957 | D:3      | Reached XP level 5. HP: 22/28 MP: 6/16
  3080 | D:4      | Noticed Menkaure
  3081 | D:4      | HP: 1/28 [orc priest/divine providence (14)]
  3097 | D:4      | Reached skill level 8 in Spellcasting
  3104 | D:4      | Killed from afar by an orc priest

Skill      XL: |  1  2  3  4  5 |
---------------+----------------+-----
Spellcasting   | 4 5 7 8 |  8.2
Dodging        | |  2.4
Stealth        | |  2.4
Conjurations   | |  4.3

Action                   |  1- 3 |  4- 6 || total
-------------------------+-------+-------++-------
Melee: Unarmed           |     2 |       ||     2
       Short sword       |     3 |     3 ||     6
       Mace              |       |     3 ||     3
 Cast: Magic Dart        |    68 |    49 ||   117
       Searing Ray       |     1 |     8 ||     9
  Use: Scroll            |       |     8 ||     8
       Potion            |       |     2 ||     2
  Eat: Chunk             |     1 |     5 ||     6
Armor: Robe              |     3 |     6 ||     9
Dodge: Dodged            |    16 |    20 ||    36
